Map: Washout LE

Players

naane - Winner!

  • Race: Protoss Protoss

VOD

Have the link to the VOD?

Description

Time

  • Played on: Aug. 22, 2026, 4:38 p.m.
  • Length: 12:51
Show
View Real Time Build Order
Export as new Build Order

naane Protoss - Winner!

Build Orders:  

Get SALT Encoding   

  8  0:00  Probe (Chrono Boost)  
  9  0:12  Probe (Chrono Boost)  
  10  0:23  Probe (Chrono Boost)  
  12  0:40  Probe (Chrono Boost)  
  12  0:47  Pylon  
  12  0:57  Probe (Chrono Boost)  
  13  1:15  Probe (Chrono Boost)  
  14  1:29  Gateway  
  15  1:32  Probe (Chrono Boost)  
  15  1:45  Probe (Chrono Boost)  
  16  1:57  Probe (Chrono Boost)  
  17  2:12  Probe (Chrono Boost)  
  18  2:29  Probe (Chrono Boost)  
  19  2:31  Pylon  
  19  2:37  Cybernetics Core  
  19  2:43  Assimilator  
  19  2:45  Probe (Chrono Boost)  
  20  2:57  Probe (Chrono Boost)  
  20  3:07  Nexus  
  20  3:08  Probe (Chrono Boost)  
  22  3:22  Zealot  
  22  3:23  Probe (Chrono Boost)  
  25  3:45  Pylon  
  25  3:46  Probe (Chrono Boost)  
  26  3:50  Assimilator  
  26  4:03  Probe (Chrono Boost)  
  27  4:10  Stalker  
  29  4:31  Probe (Chrono Boost)  
  29  4:34  Forge  
  30  4:47  Probe  
  31  5:00  Gateway, Probe (Chrono Boost), Warp Gate (Chrono Boost)  
  31  5:02  Gateway  
  31  5:07  Probe (Chrono Boost)  
  33  5:12  Probe (Chrono Boost)  
  33  5:13  Stalker  
  34  5:24  Probe (Chrono Boost)  
  35  5:31  Protoss Ground Weapons Level 1  
  35  5:45  Probe (Chrono Boost)  
  36  5:53  Probe (Chrono Boost)  
  37  6:02  Probe (Chrono Boost)  
  41  6:10  Probe (Chrono Boost)  
  41  6:19  Probe (Chrono Boost)  
  40  6:35  Gateway  
  40  6:40  Probe (Chrono Boost)  
  41  6:52  Probe (Chrono Boost)  
  41  6:55  Stalker x2  
  41  6:56  Stalker  
  48  7:04  Gateway  
  48  7:06  Probe (Chrono Boost)  
  49  7:10  Assimilator  
  49  7:12  Assimilator  
  49  7:23  Probe (Chrono Boost)  
  50  7:31  Pylon  
  50  7:35  Pylon  
  50  7:39  Pylon  
  50  7:58  Probe (Chrono Boost)  
  50  7:59  Twilight Council  
  51  8:15  Probe (Chrono Boost)  
  52  8:31  Stalker x2  
  52  8:32  Stalker x2, Probe (Chrono Boost)  
  61  8:53  Gateway  
  61  8:55  Gateway  
  61  8:58  Gateway  
  61  9:02  Gateway  
  61  9:03  Gateway  
  61  9:08  Probe (Chrono Boost)  
  61  9:16  Stalker x2, Nexus  
  61  9:17  Stalker x3  
  61  9:19  Probe (Chrono Boost)  
  73  9:30  Robotics Facility  
  73  9:33  Probe (Chrono Boost)  
  70  10:03  Stalker x2  
  72  11:28  Blink  
  72  11:31  Stalker x3  
  72  11:32  Stalker x4  
  72  11:34  Pylon  
  86  11:52  Pylon  
  86  11:54  Pylon  
  86  11:57  Pylon  
  86  11:59  Probe (Chrono Boost)  
  92  12:00  Pylon  
  92  12:01  Probe (Chrono Boost)  
  92  12:15  Stalker, Probe (Chrono Boost)  
  92  12:18  Probe (Chrono Boost), Stalker  
  92  12:19  Stalker x3  
  100  12:20  Stalker x3  
  100  12:21  Stalker  
  108  12:32  Probe (Chrono Boost)  
  108  12:39  Pylon  
  101  12:43  Pylon  
  99  12:46  Pylon  
Tags
 
Matchup
Co-op
Add a new tag
Caveats
  • Supply blocks, unpowered buildings, or Contaminate may cause inaccurate times.
  • Supply counts are checked every 10 seconds.